AoeStats
← ogipochi_

Arabia

503900326Analyzed
4v4 RM · 1mo ago on Sep 2, 2026· 41m 3s· 8 players
Game mode
Random Map
Map size
Large (8 player)
Population
200
Speed
Normal
Resources
Standard
Victory
Conquest
Starting age
Dark Age
Ending age
Imperial Age
RankedLock teamsTeams togetherTeam positionsShared explorationLock speedFull tech treeHidden civsTurbo modeCheats
Victory
Defeat
🇨🇦 Mongols · Canada
1090
+10
🇵🇱 Hindustanis · Poland
1061
+11
🇺🇸 Persians · United States
956
+16
🇯🇵 Britons · Japan
848
+20
🇩🇪 Cumans · Germany
967
-15
🇹🇷 Cumans · Türkiye
958
-15
🇩🇪 Burmese · Germany
955
-14
🇪🇸 Magyars · Spain
916
-13
HeartNett
0:41 Loom
12:32 Feudal Age
13:49 Double-Bit Axe
15:23 Wheelbarrow
15:18 Horse Collar
21:50 Castle Age
21:25 Forging
21:24 Scale Barding Armor
22:51 Hand Cart
22:07 Light Cavalry
24:44 Bloodlines
26:17 Bow Saw
26:10 Heavy Plow
36:36 Iron Casting
36:22 Chain Barding Armor
41:03 Imperial Age
39:33 Steppe Husbandry
Hoodie Melo
9:51 Loom
12:12 Feudal Age
16:30 Castle Age
14:50 Horse Collar
15:21 Gold Mining
17:34 Heavy Plow
19:35 Town Watch
20:52 Bloodlines
20:42 Husbandry
22:03 Gold Shaft Mining
23:17 Husbandry
24:42 Wheelbarrow
24:07 Town Patrol
24:59 Town Patrol
25:08 Scale Barding Armor
25:47 Fervor
26:10 Light Cavalry
27:07 Stone Mining
28:40 Chain Barding Armor
28:30 Forging
29:18 Hand Cart
32:33 Iron Casting
36:56 Imperial Age
39:04 Hussar
40:37 Cavalier
LimaKina
6:02 Loom
11:30 Feudal Age
12:24 Town Watch
12:29 Double-Bit Axe
12:31 Horse Collar
15:59 Wheelbarrow
26:07 Castle Age
24:00 Fletching
25:25 Gold Mining
26:11 Padded Archer Armor
26:11 Stone Mining
26:46 Bodkin Arrow
26:18 Crossbowman
27:54 Hand Cart
27:59 Bow Saw
29:00 Leather Archer Armor
31:21 Gold Shaft Mining
31:10 Ballistics
31:01 Thumb Ring
31:39 Masonry
31:26 Murder Holes
32:18 Elite Skirmisher
37:05 Imperial Age
38:25 Ring Archer Armor
39:21 Two-Man Saw
38:23 Heavy Plow
38:52 Conscription
40:03 Chemistry
40:36 Hoardings
40:30 Steppe Husbandry
dan.rockerr
6:09 Loom
10:25 Feudal Age
11:00 Double-Bit Axe
11:02 Horse Collar
21:26 Castle Age
21:17 Scale Barding Armor
21:34 Pikeman
23:47 Bow Saw
24:04 Stone Mining
24:50 Scale Mail Armor
ogipochi_
10:55 Feudal Age
9:35 Loom
11:38 Double-Bit Axe
11:43 Gold Mining
13:17 Wheelbarrow
12:45 Arson
15:22 Fletching
17:00 Padded Archer Armor
22:07 Castle Age
22:31 Crossbowman
24:35 Leather Archer Armor
26:50 Ballistics
27:45 Bodkin Arrow
30:09 Gold Shaft Mining
31:52 Fortified Wall
34:19 Imperial Age
35:59 Chemistry
35:04 Bracer
35:35 Ring Archer Armor
35:03 Arbalester
38:02 Bow Saw
38:06 Warwolf
38:20 Pikeman
38:45 Gambesons
39:01 Squires
xxyvonnederful
8:48 Loom
10:34 Feudal Age
12:44 Horse Collar
12:53 Double-Bit Axe
13:59 Wheelbarrow
18:26 Scale Barding Armor
21:57 Castle Age
20:06 Gold Mining
21:04 Bloodlines
21:09 Forging
24:10 Bow Saw
24:27 Husbandry
25:56 Hand Cart
25:30 Town Watch
28:55 Chain Barding Armor
31:59 Iron Casting
41:00 Imperial Age
40:44 Gold Shaft Mining
jean-danie1
2:12 Loom
9:19 Feudal Age
9:50 Double-Bit Axe
14:48 Scale Barding Armor
16:19 Forging
18:18 Town Watch
19:09 Wheelbarrow
21:18 Castle Age
19:56 Horse Collar
20:09 Gold Mining
20:56 Stone Mining
21:04 Stone Mining
23:08 Chain Barding Armor
23:24 Iron Casting
22:51 Husbandry
23:02 Bloodlines
26:02 Bow Saw
31:18 Heavy Plow
39:31 Imperial Age
39:43 Hand Cart
39:41 Elite Mangudai
40:42 Conscription
40:17 Fletching
41:28 Blast Furnace
39:58 Elite Steppe Lancer
41:28 Ballistics
Coleman
3:37 Loom
11:16 Feudal Age
15:54 Castle Age
17:25 Double-Bit Axe
18:17 Horse Collar
19:18 Stone Mining
22:24 Wheelbarrow
22:09 Stone Mining
23:11 Bow Saw
23:28 Gold Mining
24:11 Heavy Plow
25:44 Forging
25:40 Scale Barding Armor
27:06 Husbandry
27:16 Bloodlines
27:27 Fletching
28:13 Iron Casting
27:59 Hand Cart
27:30 Town Watch
29:03 Gold Shaft Mining
29:05 Stone Shaft Mining
29:49 Grand Trunk Road
33:14 Imperial Age
31:26 Chain Barding Armor
31:42 Iron Casting
33:34 Elite Ghulam
34:12 Heavy Camel Rider
37:12 Two-Man Saw
36:23 Imperial Camel Rider
37:54 Conscription
37:53 Scale Mail Armor
38:53 Blast Furnace
38:53 Chain Mail Armor
Connection lost

Rejoining the realm…

Still unreachable

The connection could not be restored.

Session expired

The server has moved on; the page needs a fresh start.